 Dungeon Crawl Stone Soup version 0.24.0-123-gd5b16e6ec5 (webtiles) character file.

Game seed: 12824324335143287256, levelgen mode: deterministic

86559 CrazyMind the Brawler (level 15, -1/137 HPs)
             Began as a Troll Berserker on Jan 26, 2020.
             Was a High Priest of Trog.
             Slain by a meliai
             ... wielding a +0 war axe
              (2 damage)
             ... on level 15 of the Dungeon on Feb 1, 2020.
             The game lasted 03:21:28 (23054 turns).

CrazyMind the Brawler (Troll Berserker)            Turns: 23054, Time: 03:21:30

Health: -1/137     AC: 12    Str: 32    XL:     15   Next: 41%
Magic:  15/15      EV: 13    Int:  6    God:    Trog [*****.]
Gold:   1283       SH:  0    Dex: 11    Spells: 14/14 levels left

rFire    . . .     SeeInvis .     - Unarmed
rCold    . . .     Gourm    +   (no shield)
rNeg     + . .     Faith    .   X - +0 troll leather armour
rPois    +         Spirit   .   (helmet restricted)
rElec    .         Reflect  .   T - +2 cloak {rPois}
rCorr    .         Harm     .   (gloves unavailable)
MR       +++..                  (boots unavailable)
Stlth    +.........             C - amulet of the acrobat
HPRegen  2.12/turn              O - +3 ring of strength
MPRegen  0.14/turn              L - ring of positive energy

@: berserk cooldown, regenerating, hasted and slowed
A: large, unfitting armour, claws 3, fast metabolism 3, gourmand, regeneration
1, shaggy fur 1, tough skin 3
a: Berserk, Trog's Hand, Brothers in Arms, Renounce Religion


You were on level 15 of the Dungeon.
You worshipped Trog.
Trog was extremely pleased with you.
You were very full.

You visited 3 branches of the dungeon, and saw 22 of its levels.

You collected 1283 gold pieces.

Inventory:

Missiles
 a - 8 datura-tipped darts
 c - 637 stones
 f - 19 poisoned darts
 j - 4 javelins
 k - 10 boomerangs (quivered)
 G - 10 atropa-tipped darts
 Z - 22 large rocks
Armour
 T - a +2 cloak of poison resistance (worn)
 X - a +0 troll leather armour (worn)
Jewellery
 l - an uncursed ring of see invisible
 p - an uncursed ring of resist corrosion
 s - an uncursed amulet of magic regeneration
 B - the ring "Kimuytria" {rC+ AC+3}
   (You took it off an orc priest on level 5 of the Dungeon)

   [ring of protection]

   It affects your AC (+3).
   It protects you from cold.
 C - an amulet of the acrobat (around neck)
 F - a +1 ring of slaying
 L - a ring of positive energy (right claw)
 O - a +3 ring of strength (left claw)
Wands
 y - a wand of polymorph (29)
 A - a wand of digging (11)
 P - a wand of flame (72)
Scrolls
 d - a scroll of acquirement {unknown}
 e - a scroll of random uselessness {unknown}
 h - 3 scrolls of magic mapping
 i - 9 scrolls of identify
 m - 7 scrolls of remove curse
 r - 3 scrolls of enchant armour {unknown}
 u - 4 scrolls of teleportation
 x - a scroll of blinking {unknown}
 z - a scroll of fear {unknown}
 M - a scroll of holy word {unknown}
 Q - 3 scrolls of fog {unknown}
 S - a scroll of torment {unknown}
 U - 2 scrolls of immolation {unknown}
Potions
 g - 2 potions of mutation
 n - 3 potions of lignification
 o - 7 potions of curing
 t - a potion of flight
 w - 2 potions of resistance
 E - 2 potions of might
 H - a potion of haste
 J - 3 potions of ambrosia
Miscellaneous
 q - a phantom mirror
 D - a lamp of fire
 N - 2 sacks of spiders
Comestibles
 b - 47 rations


   Skills:
 + Level 6.4 Fighting
 + Level 14.9 Throwing
 + Level 5.7 Armour
 + Level 8.4 Dodging
 + Level 16.9 Unarmed Combat
 + Level 1.3 Evocations


You had 14 spell levels left.
You didn't know any spells.
Your spell library was empty.

Dungeon Overview and Level Annotations

Branches:
Dungeon (15/15)            Temple (1/1) D:5            Lair (6/6) D:11
  Swamp (0/4) Lair:3        Snake (0/4) Lair:4        Slime (0/5) Lair:6
    Orc (0/2) D:9          Vaults (0/5) D:14         Depths (0/5) D:15

Altars:
Ashenzari
Cheibriados
Dithmenos
Elyvilon
Fedhas
Gozag
Hepliaklqana
Kikubaaqudgha
Makhleb
Nemelex Xobeh
Okawaru
Qazlal
Ru
Sif Muna
Trog
Uskayaw
Vehumet
Wu Jian
Xom
Yredelemnul
Zin
The Shining One
Jiyva

Shops:
D:10 }   D:15 *


Innate Abilities, Weirdness & Mutations

You are too large for most types of armour.
You have claws for hands.
Your metabolism is lightning-fast.
You like to eat raw meat.
Your natural rate of healing is unusually fast.
You are covered in fur. (AC +1)
You have extremely tough skin. (AC +3)


Message History

* * * LOW HITPOINT WARNING * * *
The meliai stings you.
* * * LOW HITPOINT WARNING * * *
The harpy skeleton barely misses you.
The harpy skeleton claws you but does no damage.
The meliai hits you but does no damage. The meliai closely misses you.
The meliai hits you but does no damage. The meliai completely misses you.
You feel better.
The harpy skeleton claws you but does no damage.
The harpy skeleton claws you.
* * * LOW HITPOINT WARNING * * *
The meliai barely misses you. The meliai closely misses you.
The meliai hits you but does no damage. The meliai stings you.
* * * LOW HITPOINT WARNING * * *
The harpy skeleton claws you but does no damage.
The harpy skeleton claws you!
* * * LOW HITPOINT WARNING * * *
The meliai hits you but does no damage. The meliai closely misses you.
The meliai hits you with a +0 war axe.
You die...

########################*****
....o.....o...ZZ@.......,,,,*
....#####.....Syyy........,,*
....# #..................,*
....# #..#####............#
....# #..# #............#
....#***#..#####............#
......,,..........^.........#
......,.....................#
###############'#.รท.........#


You could see a water moccasin, 3 meliai, an orc, a redback zombie and a harpy
skeleton.

Vanquished Creatures
  Nessos (D:14)
  A dire elephant (Lair:6)
  10 hydras
  3 death knights
  7 two-headed ogres
  A catoblepas (Lair:6)
  A queen ant (Lair:1)
  13 death yaks
  A deep troll shaman (Lair:6)
  An orc knight (D:13)
  A wizard (D:14)
  A skeletal warrior (D:11)
  7 ugly things
  A manticore (D:15)
  A deep elf mage (D:13)
  A cyclops (D:12)
  4 oklob plants (Lair:6)
  3 black mambas
  28 elephants
  A gargoyle (D:13)
  A centaur skeleton (D:14)
  12 spiny frogs
  5 komodo dragons
  3 freezing wraiths
  5 yaktaurs (D:14)
  A tengu conjurer (D:15)
  7 trolls
  3 tyrant leeches
  3 polar bears
  A hornet (D:10)
  4 dream sheep (Lair:6)
  11 blink frogs
  5 hippogriffs
  5 large abominations (D:14)
  A human (shapeshifter) (D:13)
  6 wraiths
  2 vampires (D:10)
  A human (D:7)
  5 wyverns
  47 yaks
  2 basilisks
  4 hogs (D:7)
  4 vampire mosquitoes (D:10)
  A hungry ghost (D:8)
  2 swamp worms (Lair:3)
  Edmund (D:6)
  10 soldier ants
  13 water moccasins
  4 sky beasts
  A swamp drake (D:11)
  3 phantoms
  5 porcupines
  5 ice beasts
  4 orc warriors
  5 black bears
  7 ogres
  A boggart (D:14)
  42 wolves
  11 centaurs
  5 big kobolds
  15 crocodiles
  7 small abominations (D:14)
  15 bullfrogs
  A wyvern zombie (D:13)
  4 scorpions
  3 killer bees (D:8)
  18 wights
  5 crimson imps
  2 centaur zombies
  3 hounds
  6 jellies
  9 orc priests
  14 orc wizards
  4 iguanas
  26 worker ants
  2 hound zombies
  A howler monkey zombie (D:8)
  A worker ant zombie (D:10)
  18 adders
  A howler monkey skeleton (D:6)
  6 gnolls (D:4)
  2 shadow imps
  An ooze (D:2)
  An adder skeleton (D:5)
  4 worms
  4 dart slugs (D:1)
  8 leopard geckos
  55 orcs
  5 giant cockroaches
  4 goblins
  9 hobgoblins
  21 jackals
  23 kobolds
  6 quokkas
  16 bats
  7 frilled lizards
  A leopard gecko skeleton (D:6)
  3 quokka zombies
  9 rats
  A fungus (Lair:4)
686 creatures vanquished.

Vanquished Creatures (collateral kills)
  A death knight (D:11)
  2 death yaks (Lair:3)
  4 elephants
  A spiny frog (Lair:6)
  A hippogriff (Lair:2)
  8 yaks
  A basilisk (Lair:3)
  A soldier ant (Lair:2)
  A water moccasin (Lair:4)
  A necrophage (D:11)
  An ogre (D:14)
  7 wolves
  A bullfrog (Lair:3)
  2 killer bees (D:8)
  A bullfrog zombie (D:11)
  An orc priest (D:12)
  2 worker ants
36 creatures vanquished.

Vanquished Creatures (others)
  An ogre mage (D:14)
  3 elephants
  A wolf (Lair:2)
  A dream sheep (Lair:6)
  2 yaks
  17 fungi
  14 plants
39 creatures vanquished.

Grand Total: 761 creatures vanquished

Notes
Turn   | Place    | Note
-------+----------+-------------------------------------------
     0 | D:1      | CrazyMind the Troll Berserker began the quest for the Orb.
     0 | D:1      | Reached XP level 1. HP: 22/22 MP: 0/0
   147 | D:1      | Reached XP level 2. HP: 29/29 MP: 1/1
   365 | D:1      | Reached ** piety under Trog
   394 | D:1      | Reached XP level 3. HP: 36/36 MP: 2/2
  1156 | D:2      | Reached XP level 4. HP: 45/45 MP: 3/3
  1228 | D:2      | Reached skill level 4 in Unarmed Combat
  1445 | D:2      | Found a sacrificial altar of Ru.
  1879 | D:3      | Reached *** piety under Trog
  1960 | D:3      | Found a burning altar of Makhleb.
  2086 | D:3      | Reached XP level 5. HP: 53/53 MP: 4/4
  2092 | D:3      | Reached skill level 1 in Throwing
  2267 | D:3      | Found a stormy altar of Qazlal.
  2715 | D:4      | Reached skill level 5 in Unarmed Combat
  2830 | D:4      | Reached XP level 6. HP: 61/61 MP: 5/5
  3610 | D:4      | Reached **** piety under Trog
  3652 | D:5      | Entered Level 5 of the Dungeon
  3657 | D:5      | Reached XP level 7. HP: 67/67 MP: 6/6
  3697 | D:4      | Reached skill level 6 in Unarmed Combat
  3826 | D:5      | Found a staircase to the Ecumenical Temple.
  3840 | Temple   | Entered the Ecumenical Temple
  4228 | D:5      | Reached skill level 5 in Throwing
  4286 | D:5      | Identified the ring "Kimuytria" {rC+ AC+3}
  4311 | D:5      | Found an ancient bone altar of Kikubaaqudgha.
  4411 | D:5      | Reached XP level 8. HP: 75/75 MP: 7/7
  4696 | D:6      | Reached skill level 7 in Unarmed Combat
  4769 | D:6      | Noticed Edmund
  4791 | D:6      | Killed Edmund
  5029 | D:6      | Found a sparkling altar of Nemelex Xobeh.
  5175 | D:6      | Reached ***** piety under Trog
  5540 | D:7      | Reached XP level 9. HP: 83/83 MP: 8/8
  6031 | D:7      | Reached skill level 8 in Unarmed Combat
  6184 | D:7      | Received a gift from Trog
  6704 | D:8      | Found a shimmering altar of Xom.
  6705 | D:8      | Found a shimmering altar of Xom.
  6705 | D:8      | Found a shimmering altar of Xom.
  6711 | D:8      | Reached skill level 9 in Unarmed Combat
  6733 | D:8      | Found a shimmering altar of Xom.
  6733 | D:8      | Found a shimmering altar of Xom.
  6733 | D:8      | Found a shimmering altar of Xom.
  6870 | D:8      | Reached XP level 10. HP: 92/92 MP: 9/9
  7103 | D:8      | Identified the +4 mace "Qaghoed" {venom, rN+ Dex+4}
  7211 | D:8      | Received a gift from Trog
  7337 | D:8      | Found a shimmering altar of Xom.
  7449 | D:8      | Noticed an alligator
  7562 | D:8      | Noticed a cyclops
  7567 | D:8      | Reached skill level 5 in Dodging
  7744 | D:9      | Found a shimmering altar of Xom.
  7998 | D:9      | Noticed a two-headed ogre
  8007 | D:9      | Killed a two-headed ogre
  8007 | D:9      | Reached skill level 10 in Unarmed Combat
  8099 | D:9      | Found a staircase to the Orcish Mines.
  8218 | D:9      | Found a shattered altar of Ashenzari.
  8698 | D:9      | Found a bloodstained altar of Trog.
  8703 | D:9      | Found a hide-covered altar of Uskayaw.
  8773 | D:10     | Entered Level 10 of the Dungeon
  8954 | D:10     | Reached skill level 10 in Throwing
  8963 | D:10     | Reached XP level 11. HP: 31/101 MP: 2/10
  9085 | D:10     | Reached skill level 11 in Unarmed Combat
  9164 | D:10     | Got a translucent falchion
  9190 | D:10     | Noticed a two-headed ogre
  9195 | D:10     | Killed a two-headed ogre
  9254 | D:10     | Found Gegeipy's Gadget Boutique.
  9513 | D:10     | Found the +12 Vampire's Tooth {vamp}
  9666 | D:11     | Noticed a seven-headed hydra
  9671 | D:11     | Killed a seven-headed hydra
  9685 | D:11     | Received a gift from Trog
  9840 | D:11     | Noticed a death knight
 10287 | D:11     | Noticed a skeletal warrior
 10292 | D:11     | Killed a death knight
 10312 | D:11     | Killed a skeletal warrior
 10312 | D:11     | Reached skill level 12 in Unarmed Combat
 10633 | D:11     | Reached skill level 1 in Armour
 10659 | D:11     | Found a staircase to the Lair.
 10813 | Lair:1   | Entered Level 1 of the Lair of Beasts
 11764 | Lair:2   | Reached XP level 12. HP: 110/110 MP: 11/11
 11886 | Lair:2   | Noticed a five-headed hydra
 11894 | Lair:2   | Killed a five-headed hydra
 11915 | Lair:2   | Received a gift from Trog
 12012 | Lair:2   | Noticed a queen ant
 12053 | Lair:1   | Killed a queen ant
 12406 | Lair:2   | Reached skill level 5 in Fighting
 12692 | Lair:2   | Reached skill level 13 in Unarmed Combat
 13684 | Lair:3   | Reached XP level 13. HP: 96/118 MP: 12/12
 13691 | Lair:3   | Received a gift from Trog
 13722 | Lair:3   | HP: 3/119 [elephant (14)]
 13785 | Lair:2   | Received a gift from Trog
 14056 | Lair:3   | Reached skill level 14 in Unarmed Combat
 14064 | Lair:3   | Found a dark tunnel.
 14763 | Lair:3   | Reached skill level 5 in Armour
 14781 | Lair:3   | Found a staircase to the Swamp.
 15553 | Lair:4   | Found a staircase to the Snake Pit.
 16355 | Lair:5   | Received a gift from Trog
 17300 | Lair:6   | Entered Level 6 of the Lair of Beasts
 17754 | Lair:6   | Reached XP level 14. HP: 104/128 MP: 13/13
 17761 | Lair:6   | Reached skill level 15 in Unarmed Combat
 18942 | Lair:6   | Found a viscous altar of Jiyva.
 18942 | Lair:6   | Found a staircase to the Slime Pits.
 19523 | Lair:6   | Received a gift from Trog
 19523 | Lair:6   | Reached skill level 16 in Unarmed Combat
 19785 | D:12     | Found a bloodstained altar of Trog.
 20057 | D:12     | Received a gift from Trog
 20252 | D:12     | Reached skill level 1 in Evocations
 21078 | D:13     | Received a gift from Trog
 21280 | D:14     | Noticed Nessos
 21293 | D:14     | Killed Nessos
 21293 | D:14     | Reached XP level 15. HP: 131/137 MP: 13/15
 21620 | D:13     | Received a gift from Trog
 22206 | D:14     | Received a gift from Trog
 22396 | D:14     | Found a gate to the Vaults.
 22750 | D:15     | Entered Level 15 of the Dungeon
 22753 | D:15     | Found Soust's Demolitions Depot.
 23053 | D:15     | HP: 4/137 [meliai/+0 hand axe (10)]
 23054 | D:15     | HP: 1/137 [harpy skeleton (7)]
 23054 | D:15     | Slain by a meliai

Levels and vault maps discovered:
D:1:      kennysheep_arrival_forest, layout_basic, minmay_ruptured
D:2:      layout_rooms, nicolae_ru_awakened_eye, minmay_pentomino_x2
D:3:      layout_basic, bloody_makhleb, grunt_qazlal_sundering
D:4:      layout_gridville
D:5:      layout_cave_pools, kiku_gazebo_pond_becter,
          minmay_temple_entry_offerings, first_ration
D:6:      layout_rooms, nemelex_spade_bored_becter, uniq_edmund
D:7:      layout_basic, grunt_livestock, lemuel_another_geyser
D:8:      layout_rooms, xom_shifter_show
D:9:      layout_loops_corners, kennysheep_little_box,
          nicolae_ashenzari_panopticon, minitemple, orc_0_dummy
D:10:     layout_roguey, serial_shops, shop,
          minmay_guarded_unrand_vampires_tooth
D:11:     layout_long_grid, erik_lair_dragon
D:12:     layout_basic, st_stairs_10, trog_ov_bears_minmay
D:13:     layout_roguey
D:14:     layout_roguey, hangedman_vaults_entry_quadrant_bands, minivault_11,
          laboratory, uniq_nessos
D:15:     grunt_enter_depths_magical_seal, layout_stronghold,
          minmay_misc_feat_ornament, serial_shops, shop, nicolae_blasting_shop,
          guppyfry_shop_blood
Temple:   eino_narrow_crystal_temple
Lair:1:   layout_gridlike, serial_bayou_shore_b, grunt_megastairs_2
Lair:2:   layout_regular_city, chequers_serial_rivers_small_b,
          nicolae_lair_grove_arrangements, grunt_forest_stairs_basic,
          minmay_another_anthill, grunt_megastairs_5
Lair:3:   layout_regular_city, palyth_hydra_swamp_entry,
          nicolae_volcano_entry_two_sided, grunt_forest_large_clearings
Lair:4:   layout_layer_cave, dummy_snake_entry, grunt_megastairs_4
Lair:5:   layout_concentric_octagons
Lair:6:   grunt_lair_end_beastmaster, layout_regular_city,
          dpeg_slime_entry_enclosed_altar, minmay_lair_oklob_chamber,
          serial_bayou_shore_b

Skill      XL: |  1  2  3  4  5  6  7  8  9 10 11 12 13 14 |
---------------+-------------------------------------------+-----
Fighting       | 3 4 5 6 |  6.4
Unarmed Combat | 4 5 6 7 9 10 12 13 14 16 | 16.9
Dodging        | 3 4 5 6 7 8 |  8.4
Throwing       | 2 3 5 7 9 10 11 12 13 14 | 14.9
Armour         | 1 4 5 |  5.7
Evocations     | 1 |  1.3

Action                   |  1- 3 |  4- 6 |  7- 9 | 10-12 | 13-15 || total
-------------------------+-------+-------+-------+-------+-------++-------
Melee: Unarmed           |    80 |   153 |   242 |   532 |   684 ||  1691
       Punch             |     1 |     5 |     4 |    27 |    80 ||   117
Throw: Stone             |    25 |   135 |   177 |   118 |   262 ||   717
       Dart              |       |     7 |    41 |   161 |    90 ||   299
       Javelin           |       |       |     2 |     9 |    16 ||    27
       Boomerang         |       |       |       |    71 |    98 ||   169
       Large rock        |       |       |       |       |    22 ||    22
Invok: Berserk           |     2 |     5 |     4 |     9 |     5 ||    25
       Trog's Hand       |       |       |     1 |     6 |     8 ||    15
       Brothers in Arms  |       |       |       |     8 |     2 ||    10
Evoke: Wand              |       |       |     2 |       |    17 ||    19
  Use: Scroll            |       |       |       |    15 |    11 ||    26
       Potion            |       |       |       |     4 |    15 ||    19
 Stab: Sleeping          |     1 |     1 |       |     1 |       ||     3
       Invisible         |       |       |       |       |     4 ||     4
  Eat: Chunk             |    17 |    27 |    34 |    78 |    91 ||   247
       Ration            |       |       |       |     1 |       ||     1
Armor: Animal skin       |    35 |    63 |    73 |    76 |       ||   247
       Troll leather arm |       |       |       |   114 |   191 ||   305
       Skin              |       |       |       |    13 |       ||    13
Dodge: Dodged            |    27 |    89 |   105 |   376 |   447 ||  1044
